 Dungeon Crawl Stone Soup version 0.31-a0-986-g5e6e4ef867 (webtiles) character file.

Game seed: 15162361400932081010

23 javelincjr the Changeling (level 2, -1/23 HPs)
             Began as a Demigod Shapeshifter on Nov 6, 2023.
             Slain by a kobold
             ... wielding a +0 short sword
              (4 damage)
             ... on level 1 of the Dungeon.
             The game lasted 00:01:57 (563 turns).

javelincjr the Changeling (Demigod Shapeshifter)     Turns: 563, Time: 00:01:57

Health: -1/23      AC:  2    Str: 15    XL:     2   Next: 54%
Magic:  4/4        EV: 12    Int: 12    God:
Gold:   28         SH:  0    Dex: 13    Spells: 1/1 levels left

rFire   . .          .
                       - Unarmed
rCold   . . .        (no shield)
rNeg    . . .        a - +0 animal skin
rPois   .            (helmet currently unavailable)
rElec   .            (cloak currently unavailable)
rCorr   .            (gloves currently unavailable)
SInv    .            (boots currently unavailable)
Will    .....        (no amulet)
Stlth   +            (no ring)
HPRegen 0.23/turn    (no ring)
MPRegen 0.09/turn

%: no passive effects
@: beast-form
A: beast (slay +1), high MP 1, forlorn, divine attributes
a: Begin Untransformation


You were on level 1 of the Dungeon.
You were a hulking beast.
You visited 1 branch of the dungeon, and saw 1 of its levels.

You collected 28 gold pieces.

Inventory:

Armour
 a - a +0 animal skin (worn)
 e - a +0 ring mail
Talismans
 c - a beast talisman
 d - a flux talisman
Scrolls
 g - a scroll of immolation {unknown}
 i - a scroll of enchant armour {unknown}
Potions
 b - a potion of lignification
 f - a potion of cancellation {unknown}
 h - a potion of might {unknown}


   Skills:
 - Level 1.0 Fighting
 - Level 2.0 Dodging
 + Level 3.0 Unarmed Combat
 * Level 3.1 Shapeshifting


You had one spell level left.
You didn't know any spells.
Your spell library was empty.

Dungeon Overview and Level Annotations

Branches:
Dungeon (1/15)


Innate Abilities, Weirdness & Mutations

You are a hulking beast.
Your limbs bulge with bestial killing power. (Slay +1)
You have an increased reservoir of magic. (+10% MP)
You shall have no god before yourself.
Your divine heritage dramatically boosts your attributes as you level up.


Message History

You kill the goblin!
The hobgoblin closely misses you.
You hit the hobgoblin.
The hobgoblin is moderately wounded.
You barely miss the hobgoblin.
The hobgoblin is moderately wounded.
The hobgoblin hits you. The kobold barely misses you.
You hit the hobgoblin.
The hobgoblin is heavily wounded.
The hobgoblin closely misses you.
The kobold hits you with a +0 short sword.
You hit the hobgoblin but do no damage.
The hobgoblin is heavily wounded.
The hobgoblin hits you. The kobold closely misses you.
You closely miss the hobgoblin.
The hobgoblin is heavily wounded.
The hobgoblin misses you. The kobold closely misses you.
You closely miss the hobgoblin.
The hobgoblin is heavily wounded.
The hobgoblin hits you.
The kobold hits you with a +0 short sword.
You closely miss the hobgoblin.
The hobgoblin is heavily wounded.
The hobgoblin hits you.
The kobold hits you with a +0 short sword.
* * * LOW HITPOINT WARNING * * *
You are too injured to fight recklessly!
You are too injured to fight recklessly!
You hit the hobgoblin.
You kill the hobgoblin!
The kobold hits you with a +0 short sword.
* * * LOW HITPOINT WARNING * * *
You hit the kobold.
The kobold is severely wounded.
The kobold hits you with a +0 short sword.
* * * LOW HITPOINT WARNING * * *
You closely miss the kobold.
The kobold is severely wounded.
The kobold hits you with a +0 short sword.
You die...

#^........
..........
##........#
.........+
#........#
......... #
#†K...... #
##h....... ..
##...###... ..
#...## #
###.### #.#
#.#.#.#
#.####.#...# #
#.....##.###.#
#####.#
#.##.###.#
.######
.##...#
#..†.....#
.......


You could see a kobold.

Vanquished Creatures
  2 endoplasms (D:1)
  A giant cockroach (D:1)
  A goblin (D:1)
  3 hobgoblins (D:1)
  2 quokkas (D:1)
  5 ball pythons (D:1)
  2 bats (D:1)
  2 frilled lizards (D:1)
  A kobold (D:1)
  3 rats (D:1)
22 creatures vanquished.

Notes
Turn   | Place    | Note
-------+----------+-------------------------------------------
     0 | D:1      | javelincjr the Demigod Shapeshifter began the quest for the
                  | Orb.
     0 | D:1      | Reached XP level 1. HP: 15/15 MP: 3/3
    88 | D:1      | Reached skill level 1 in Fighting
   338 | D:1      | Reached XP level 2. HP: 16/23 MP: 4/4
   563 | D:1      | Slain by a kobold

Illustrated notes

Levels and vault maps discovered:
D:1:      elethiomel_arrival_infinity_welcomes_careful_drivers,
          layout_loops_ring, hellmonk_ecumenical_altar_pennies_from_heaven,
          grunt_decor_junction, nicolae_titane

Skill      XL: |  1  2 |
---------------+-------+-----
Fighting       | 1 |  1.0
Dodging        | 2 |  2.0
Shapeshifting  | 3 |  3.1
Unarmed Combat | 3 |  3.0

Action                     || total
---------------------------++-------
  Melee: Unarmed           ||    60
         Punch             ||     1
   Stab: Sleeping          ||     1
 Armour: Animal skin       ||    44
  Dodge: Dodged            ||    42

Table legend: (Time is in decaauts)
 A = Elapsed time spent in this place.
 B = Non-inter-level travel time spent in this place.
 C = Inter-level travel time spent in this place.
 D = Time resting spent in this place.
 E = Time spent auto-exploring this place.
 F = Levels seen in this place.
 G = Mean time per level.
                   A        B        C        D        E       F      G
               +--------+--------+--------+--------+--------+-----+--------+
         Total |    562 |    562 |      0 |      0 |    419 |   1 |  562.0 |
       Dungeon |    562 |    562 |      0 |      0 |    419 |   1 |  562.0 |
               +--------+--------+--------+--------+--------+-----+--------+

Top non-repeatable levels by time:
     D:1: 562 daAuts
